 Dungeon Crawl Stone Soup version 0.22.1-6-g1668fe2 (webtiles) character file.

343 wilfster70 the Caller (level 6, -5/41 HPs)
             Began as a Merfolk Summoner on Jan 30, 2019.
             Was an Initiate of Wu Jian.
             Slain by an ice beast (12 damage)
             ... on level 5 of the Dungeon.
             The game lasted 00:19:40 (6732 turns).

wilfster70 the Caller (Merfolk Summoner)            Turns: 6732, Time: 00:19:42

Health: -5/41      AC:  7    Str:  8    XL:     6   Next: 57%
Magic:  11/11      EV: 14    Int: 17    God:    Wu Jian [......]
Gold:   227        SH:  0    Dex: 14    Spells: 5/12 levels left

rFire    . . .     SeeInvis .   a - +1 dagger
rCold    . . .     Gourm    .   (no shield)
rNeg     + . .     Faith    .   x - +2 robe {rN+}
rPois    .         Spirit   .   (no helmet)
rElec    .         Reflect  .   f - +1 cloak
rCorr    .         Harm     .   (no gloves)
MR       .....                  p - +0 pair of boots
Stlth    ++........             k - amulet of magic regeneration
HPRegen  0.13/turn              (no ring)
MPRegen  0.37/turn              (no ring)

@: no status effects
A: change form in water, swift swim, stealthy swim
a: Renounce Religion


You were on level 5 of the Dungeon.
You worshipped Wu Jian.
Wu Jian was noncommittal.
You were very hungry.

You visited 1 branch of the dungeon, and saw 6 of its levels.

You collected 227 gold pieces.

Inventory:

Hand Weapons
 a - a +1 dagger (weapon)
 b - a +0 hunting sling of flaming
 r - a cursed -1 blowgun
Missiles
 g - 78 stones (quivered)
 n - 59 sling bullets
 t - 15 poisoned needles
Armour
 f - a +1 cloak (worn)
 p - a +0 pair of boots (worn)
 x - a +2 robe of positive energy (worn)
Jewellery
 k - an amulet of magic regeneration (around neck)
Wands
 l - a wand of enslavement (3)
 s - a wand of iceblast (10)
 v - a wand of acid (9)
 y - a wand of random effects (9)
Scrolls
 d - 2 scrolls of blinking
 e - 3 scrolls of remove curse
 j - 2 scrolls of teleportation
Potions
 h - 4 potions of degeneration {unknown}
 i - 2 potions of heal wounds {unknown}
 m - a potion of flight {unknown}
 o - a potion of agility {unknown}
 q - a potion of curing {unknown}
 u - a potion of resistance {unknown}
 w - 2 potions of berserk rage {unknown}
 A - a potion of invisibility {unknown}
Comestibles
 c - 13 rations


   Skills:
 + Level 3.1 Short Blades
 + Level 3.8 Dodging
 - Level 3.6 Stealth
 + Level 3.7 Spellcasting
 - Level 5.0 Summonings
 + Level 0.7 Air Magic


You had 5 spell levels left.
You knew the following spells:

 Your Spells              Type           Power        Failure   Level  Hunger
a - Summon Small Mammal   Summ           ###.         1%          1    None
b - Call Imp              Summ           ###.....     3%          2    ##.....
c - Summon Lightning Spi  Summ/Air       ##......     45%         4    ####...

Your spell library contained the following spells:

 Spells                   Type           Power        Failure   Level  Hunger
 Call Canine Familiar     Summ           ###.....     6%          3    ###....
 Summon Guardian Golem    Hex/Summ       ##......     17%         3    ###....
 Summon Ice Beast         Ice/Summ       ##......     50%         4    ####...


Dungeon Overview and Level Annotations

Branches:
Dungeon (6/15)
 Temple: D:4-7

Altars:
Cheibriados
Wu Jian


Message History

Your white imp hits the ice beast but does no damage.
You hit the ice beast but do no damage.
The ice beast is heavily wounded.
Your crimson imp completely misses the ice beast.
The ice beast hits you. The ice beast freezes you.
* * * LOW HITPOINT WARNING * * *
You hit the ice beast but do no damage.
The ice beast is heavily wounded.
Your white imp hits the ice beast.
Your white imp freezes the ice beast.
The ice beast completely resists.
Your crimson imp blinks!
The ice beast barely misses you.
Your white imp hits the ice beast but does no damage.
You hit the ice beast.
The ice beast is heavily wounded.
Your white imp barely misses the ice beast.
The ice beast hits you.
* * * LOW HITPOINT WARNING * * *
The ice beast freezes you!
You die...

###################
#########..5...............
#...........5.........(....
##.######.#########.#######
#.# #.# ...# # #.# #.#
###.# #.# #.# #.# #.# ##.##
#.# #.# #..@# ### #.# #.Y.+
#.# #(5.# #.# #ยง..# #.#
#...### #.#####.....###
#.....).......#
##########.5..# #....#


You could see an ice beast and a friendly white imp.

Vanquished Creatures
  A centaur zombie (D:5)
  An orc priest (D:3)
  An iguana (D:4)
  Natasha (D:3)
  3 adders
  An ooze (D:2)
  A dart slug (D:2)
  3 leopard geckos (D:2)
  3 orcs
  3 giant cockroaches
  4 hobgoblins
  A jackal (D:4)
  6 kobolds
  A quokka (D:3)
  2 bats
  4 frilled lizards
  4 goblins
  7 rats
47 creatures vanquished.

Vanquished Creatures (collateral kills)
  A crimson imp (D:5)
  An orc priest (D:3)
  An orc wizard (D:5)
  A worker ant (D:4)
  Natasha (twice) (D:3)
  5 adders
  An ooze (D:3)
  3 worms
  3 leopard geckos (D:1)
  12 orcs
  A giant cockroach (D:1)
  4 goblins
  8 hobgoblins
  A jackal (D:4)
  2 bats (D:3)
  2 frilled lizards
  4 kobolds
  4 rats
56 creatures vanquished.

Grand Total: 103 creatures vanquished

Notes
Turn   | Place    | Note
-------+----------+-------------------------------------------
     0 | D:1      | wilfster70 the Merfolk Summoner began the quest for the
                  | Orb.
     0 | D:1      | Reached XP level 1. HP: 13/13 MP: 3/3
   621 | D:1      | Reached XP level 2. HP: 19/19 MP: 5/5
   625 | D:1      | Learned a level 2 spell: Call Imp
  1772 | D:2      | Reached XP level 3. HP: 24/24 MP: 6/6
  2470 | D:2      | Reached skill level 1 in Short Blades
  2470 | D:2      | Reached XP level 4. HP: 16/30 MP: 5/8
  3946 | D:3      | Reached XP level 5. HP: 19/35 MP: 5/9
  4140 | D:3      | Noticed Natasha
  4142 | D:3      | Killed Natasha
  4156 | D:3      | Reached skill level 5 in Summonings
  4363 | D:3      | Noticed Natasha
  4375 | D:3      | Killed Natasha
  4474 | D:3      | Noticed Natasha
  4523 | D:3      | Killed Natasha
  5176 | D:4      | Reached XP level 6. HP: 17/41 MP: 11/11
  5366 | D:4      | Learned a level 4 spell: Summon Lightning Spire
  5484 | D:4      | Found an ornate altar of the Wu Jian Council.
  5491 | D:4      | Became a worshipper of the Wu Jian Council
  5957 | D:5      | Entered Level 5 of the Dungeon
  6351 | D:5      | Found a snail-covered altar of Cheibriados.
  6403 | D:5      | Noticed an ice beast
  6732 | D:5      | Slain by an ice beast

Skill      XL: |  1  2  3  4  5  6 |
---------------+-------------------+-----
Short Blades   | 1 2 3 |  3.1
Stealth        | 3 |  3.6
Spellcasting   | 3 |  3.7
Summonings     | 5 |  5.0
Dodging        | 3 |  3.8
Air Magic      | |  0.7

Action                   |  1- 3 |  4- 6 || total
-------------------------+-------+-------++-------
Melee: Unarmed           |    10 |       ||    10
       Dagger            |   122 |   200 ||   322
 Fire: Hunting sling     |       |    11 ||    11
 Cast: Summon Small Mamm |    10 |       ||    10
       Call Imp          |    25 |    46 ||    71
Invok: Lunge             |       |     2 ||     2
  Use: Scroll            |       |     6 ||     6
 Stab: Sleeping          |     7 |     5 ||    12
       Distracted        |     1 |     1 ||     2
  Eat: Chunk             |     7 |    14 ||    21
Armor: Robe              |    36 |    86 ||   122
Dodge: Dodged            |   112 |   177 ||   289
